 Dungeon Crawl Stone Soup version 0.27-a0-1180-g7fc4abc71e (webtiles) character file.

Game seed: 5036300135119551618

63 ndkqne the Digger (level 4, -2/24 HPs)
             Began as a Gargoyle Earth Elementalist on May 17, 2021.
             Slain by an iguana (12 damage)
             ... on level 3 of the Dungeon.
             The game lasted 00:03:25 (2712 turns).

ndkqne the Digger (Gargoyle Earth Elementalist)     Turns: 2712, Time: 00:03:26

Health: -2/24      AC:  5    Str: 11    XL:     4   Next: 9%
Magic:  2/8        EV: 11    Int: 17    God:
Gold:   93         SH:  0    Dex: 10    Spells: 5/9 levels left

rFire    . . .     SeeInvis +   d - +1 falchion
rCold    . . .     Faith    .   (no shield)
rNeg     + . .     Spirit   .   c - +0 robe
rPois    ∞         Reflect  .   (no helmet)
rElec    +         Harm     .   m - scarf {repulsion}
rCorr    .         Rampage  .   (no gloves)
Will     .....                  (no boots)
Stlth    ++........             (no amulet)
HPRegen  0.08/turn              g - ring of see invisible
MPRegen  0.11/turn              (no ring)

@: very slightly contaminated, repel missiles
A: sickness immunity, AC +3, negative energy resistance 1, electricity
resistance, torment resistance 1, petrification resistance
a: no special abilities


You were on level 3 of the Dungeon.
You visited 1 branch of the dungeon, and saw 3 of its levels.

You collected 93 gold pieces.

Inventory:

Hand Weapons
 d - a +1 falchion (weapon)
Missiles
 b - 39 stones
 j - 8 boomerangs of dispersal
 k - 2 atropa-tipped darts
Armour
 c - a +0 robe (worn)
 m - a scarf of repulsion (worn)
Jewellery
 e - a ring of fire
 g - a ring of see invisible (left hand)
Potions
 a - 3 potions of heal wounds
 i - a potion of lignification {unknown}
 l - a potion of magic {unknown}
 o - a potion of mutation {unknown}


   Skills:
 - Level 1.5 Dodging
 - Level 2.1 Stealth
 + Level 3.0 Spellcasting
 + Level 1.1 Conjurations
 - Level 0.7 Transmutations
 + Level 4.7 Earth Magic


You had 5 spell levels left.
You knew the following spells:

 Your Spells              Type           Power      Damage    Failure   Level
a - Sandblast             Erth           36%        2d10      2%          1
b - Stone Arrow           Conj/Erth      24%        3d8       16%         3

Your spell library contained the following spells:

 Spells                   Type           Power      Damage    Failure   Level
 Passwall                 Tmut/Erth      9%         N/A       9%          2
 Petrify                  Tmut/Erth      11%        N/A       50%         4
 Lee's Rapid Deconstruct  Erth           9%         3d8*      56%         5


Dungeon Overview and Level Annotations

Branches:
Dungeon (3/15)

Altars:
Dithmenos


Innate Abilities, Weirdness & Mutations

You are immune to sickness and miasma.
Your stone body is resilient. (AC +3)
You are immune to poison.
You resist negative energy. (rN+)
You are resistant to electric shocks. (rElec)
You are resistant to unholy torment.
You are immune to petrification.


Message History

Confirm with . or Enter, or press ? or * to list all spells.
Aiming: Sandblast (safe; 2% risk of failure)
Press: ? - help, Shift-Dir - straight line, f/p - jackal
Aim: a jackal (74% to hit)
The blast of sand hits the jackal!
You kill the jackal!
The hobgoblin shouts!
Casting: Sandblast (safe; 2% risk of failure)
Confirm with . or Enter, or press ? or * to list all spells.
Aiming: Sandblast (safe; 2% risk of failure)
Press: ? - help, Shift-Dir - straight line, f - goblin
Aim: a goblin, wielding a +0 dagger (74% to hit)
You miscast Sandblast.
You are very lightly contaminated with residual magic.
Nothing appears to happen.
The goblin barely misses you.
Casting: Sandblast (safe; 2% risk of failure)
Confirm with . or Enter, or press ? or * to list all spells.
Aiming: Sandblast (safe; 2% risk of failure)
Press: ? - help, Shift-Dir - straight line, f/p - goblin
Aim: a goblin, wielding a +0 dagger (74% to hit)
The blast of sand hits the goblin!
You kill the goblin!
Casting: Sandblast (safe; 2% risk of failure)
Confirm with . or Enter, or press ? or * to list all spells.
Aiming: Sandblast (safe; 2% risk of failure)
Press: ? - help, Shift-Dir - straight line, f - iguana
Aim: an iguana (82% to hit)
The blast of sand hits the iguana!
The iguana is heavily wounded.
The iguana misses you.
Casting: Sandblast (safe; 2% risk of failure)
Confirm with . or Enter, or press ? or * to list all spells.
Aiming: Sandblast (safe; 2% risk of failure)
Press: ? - help, Shift-Dir - straight line, f/p - iguana
Aim: an iguana (heavily wounded, 82% to hit)
The blast of sand hits the iguana but does no damage.
The iguana is heavily wounded.
The iguana bites you!
Ouch! That really hurt!
You die...

******,,,**,,,,,.......<......#*
**,,,,,,****,,,,,.....†........#
,,,,***** **,**,.###...g......#
,,,,***** **,##,.##...........#
,,,,,,,,****,,*...#..###....####
,,,,,,,,,,**,,..#.#.####.####
,**,,*,**..#.###....##...#
,,**,,,*,.........##.l.###
,,,,,,,,,**,,**#@###.###
,,,,,,,,,*,,,###l#...#*******
,**,,*,,,,,,,#._...###,,,,,,*
,,,,,*,*,,.......### *,,,,,,*
,,<,,*,**....(...#****,,,,,,*
,,,,,*,**.........,,**,,,>,,*
,,,,,,,*,.....?...*,,*,,,,,,*
,*,,*,,*,.#.......,,,,,,,,,,*
,,*,,,,,,,#...##...,,,,,,,,,*


You could see an iguana.

Vanquished Creatures
  2 adders (D:2)
  3 bats
  An endoplasm (D:2)
  A giant cockroach (D:2)
  2 hobgoblins
  11 jackals
  7 ball pythons
  6 goblins
  4 kobolds (D:1)
  3 rats (D:2)
40 creatures vanquished.

Notes
Turn   | Place    | Note
-------+----------+-------------------------------------------
     0 | D:1      | ndkqne the Gargoyle Earth Elementalist began the quest for
                  | the Orb.
     0 | D:1      | Reached XP level 1. HP: 10/10 MP: 3/3
   437 | D:1      | Reached skill level 4 in Earth Magic
   437 | D:1      | Reached XP level 2. HP: 15/15 MP: 5/5
  1019 | D:1      | Found a faded altar of an unknown god.
  1565 | D:2      | Reached XP level 3. HP: 12/19 MP: 5/7
  1571 | D:2      | Learned a level 3 spell: Stone Arrow
  2645 | D:2      | Reached skill level 1 in Conjurations
  2646 | D:2      | Reached XP level 4. HP: 24/24 MP: 3/8
  2699 | D:3      | Found a shadowy altar of Dithmenos.
  2712 | D:3      | Slain by an iguana

Illustrated notes

Levels and vault maps discovered:
D:1:      ncdulo_halloftheorcs, layout_basic, ebering_ecumenical_altar_mist,
          serial_park_tiny_2, hex_tiny, roderic_lattice_a
D:2:      layout_loops_ring, serial_aquarium, aquarium_bridge_square
          [aquarium_subvault_bridge, aquarium_subvault_window,
          aquarium_subvault_bridge, aquarium_subvault_wall],
          aquarium_bridge_square [aquarium_subvault_bridge,
          aquarium_subvault_wall, aquarium_subvault_bridge,
          aquarium_subvault_window], aquarium_window_2, aquarium_window_fake,
          aquarium_window_corner, aquarium_view_2f, aquarium_view_2f,
          aquarium_balcony_double_1
D:3:      layout_rooms, overflow_temple_1_default

Skill      XL: |  1  2  3  4 |
---------------+-------------+-----
Earth Magic    | 4 |  4.7
Conjurations   | 1 |  1.1
Spellcasting   | 3 |  3.0
Dodging        | |  1.5
Stealth        | |  2.1
Transmutations | |  0.7

Action                   |  1- 3 |  4- 6 || total
-------------------------+-------+-------++-------
Melee: Falchion          |    78 |       ||    78
 Cast: Sandblast         |    21 |     7 ||    28
  Use: Scroll            |       |     3 ||     3
 Stab: Sleeping          |     2 |       ||     2
Armor: Robe              |    29 |     5 ||    34
Dodge: Dodged            |    72 |    13 ||    85
       Rpst.: Falchion   |    19 |     1 ||    20

Table legend: (Time is in decaauts)
 A = Elapsed time spent in this place.
 B = Non-inter-level travel time spent in this place.
 C = Inter-level travel time spent in this place.
 D = Time resting spent in this place.
 E = Time spent auto-exploring this place.
 F = Levels seen in this place.
 G = Mean time per level.
                   A        B        C        D        E       F      G
               +--------+--------+--------+--------+--------+-----+--------+
         Total |   2734 |   2658 |     76 |    332 |   1966 |   3 |  911.3 |
       Dungeon |   2734 |   2658 |     76 |    332 |   1966 |   3 |  911.3 |
               +--------+--------+--------+--------+--------+-----+--------+

Top non-repeatable levels by time:
     D:2: 1359 daAuts
     D:1: 1347 daAuts
     D:3: 28 daAuts
